 Dungeon Crawl Stone Soup version 0.26-a0-639-g72c4674329 (webtiles) character file.

Game seed: 238307421295057218

7156 Flugslaktarn the Cleaver (level 10, -5/99 HPs)
             Began as a Deep Dwarf Fighter on Sept 24, 2020.
             Slain by a troll (6 damage)
             ... on level 10 of the Dungeon.
             The game lasted 00:05:07 (6612 turns).

Flugslaktarn the Cleaver (Deep Dwarf Fighter)       Turns: 6612, Time: 00:05:08

Health: -5/99      AC: 21    Str: 30 (33) XL:     10   Next: 86%
Magic:  0/0        EV:  6    Int:  8 (9)  God:
Gold:   507        SH: 12    Dex: 11 (14) Spells: 9/9 levels left

rFire    . . .     SeeInvis .   a - +0 war axe
rCold    . . .     Faith    .   k - +0 kite shield (curse)
rNeg     . . .     Spirit   .   L - +3 plate armour {MR+}
rPois    .         Reflect  .   (no helmet)
rElec    .         Harm     .   u - +1 cloak
rCorr    .         Rampage  .   z - +0 pair of gloves
MR       ++...                  j - +0 pair of boots
Stlth    ..........             (no amulet)
HPRegen  0.00/turn              f - +6 ring of strength
MPRegen  0.07/turn              n - +6 ring of strength

@: non-regenerating, studying Dodging
A: damage resistance, heal wounds, sense surroundings 2, no regeneration
a: Heal Wounds


You were on level 10 of the Dungeon.
You visited 2 branches of the dungeon, and saw 11 of its levels.

You collected 507 gold pieces.

Inventory:

Hand Weapons
 a - a +0 war axe (weapon)
Missiles
 s - a throwing net (quivered)
Armour
 c - a +0 kite shield
 j - a +0 pair of boots (worn)
   (You found it on level 1 of the Dungeon)
 k - a cursed +0 kite shield (worn)
   (You found it on level 5 of the Dungeon)
 u - a +1 cloak (worn)
   (You found it on level 7 of the Dungeon)
 z - a +0 pair of gloves (worn)
   (You found it on level 3 of the Dungeon)
 L - a +3 plate armour of magic resistance (worn)
   (You took it off an orc warrior on level 10 of the Dungeon)
Jewellery
 f - a +6 ring of strength (left hand)
   (You found it on level 4 of the Dungeon)
 i - an uncursed ring of see invisible
   (You found it on level 5 of the Dungeon)
 n - a +6 ring of strength (right hand)
   (You found it on level 6 of the Dungeon)
 o - an uncursed amulet of reflection {unknown}
   (You found it on level 7 of the Dungeon)
 w - an uncursed amulet of faith {unknown}
   (You found it on level 7 of the Dungeon)
 I - a cursed +6 ring of dexterity {unknown}
   (You found it on level 9 of the Dungeon)
Wands
 v - a wand of acid (13)
   (You found it on level 7 of the Dungeon)
Scrolls
 h - a scroll of fear
 l - 2 scrolls of immolation
 m - 3 scrolls of enchant weapon
 p - a scroll of random uselessness {unknown}
 r - 4 scrolls of identify
 t - 8 scrolls of teleportation
 x - 7 scrolls of remove curse
 B - a scroll of noise {unknown}
 C - a scroll of enchant armour {unknown}
 H - a scroll of summoning {unknown}
 J - a scroll of holy word {unknown}
 K - a scroll of magic mapping {unknown}
Potions
 d - 4 potions of flight
 e - a potion of cancellation
 g - 4 potions of stabbing
 A - a potion of lignification
 D - a potion of magic
 F - a potion of invisibility
Books
 y - a manual of Dodging
   (You found it on level 7 of the Dungeon)


   Skills:
 * Level 9.4 Fighting
 * Level 10.7 Axes
 + Level 8.3 Armour
 + Level 8.1 Shields


You had 9 spell levels left.
You didn't know any spells.
Your spell library was empty.

Dungeon Overview and Level Annotations

Branches:
Dungeon (10/15)            Temple (1/1) D:7            Lair (0/6) D:9
    Orc (0/2) D:10

Altars:
Ashenzari
Cheibriados
Dithmenos
Elyvilon
Fedhas
Gozag
Hepliaklqana
Kikubaaqudgha
Nemelex Xobeh
Okawaru
Qazlal
Ru
Sif Muna
Trog
Uskayaw
Vehumet
Xom
Yredelemnul
Zin
The Shining One

Shops:
D:8 !   D:9 *

Annotations:
D:3 exclusions: door and 1 more exclusion


Innate Abilities, Weirdness & Mutations

You are resistant to damage.
You can heal yourself by infusing magical energy.
You passively map the area around you.
You do not regenerate.


Message History

Aim: a troll (moderately wounded)
The bolt of acid hits the troll!
The troll is splashed with acid.
The acid corrodes the troll!
The troll is severely wounded.
Evoke which item? (* to show all) (? for menu, Esc to quit)
Okay, then.
Unknown command.
Evoke which item? (* to show all) (? for menu, Esc to quit)
Aiming: Corrosive Bolt
Press: ? - help, Shift-Dir - straight line, f/p - troll
Aim: a troll (severely wounded, covered in acid)
The bolt of acid misses the troll.
You barely miss the troll.
The troll is severely wounded.
The troll bites you but does no damage. You block the troll's attack.
The troll closely misses you.
You closely miss the troll.
The troll is severely wounded.
The troll bites you but does no damage. The troll claws you!
You die...

, .# , , * .. , , , ,
,, #* #. , , * *.###. ,
# #. #.#T######### #.#.
#.. #<....>.# # ####.#.
#.# #.......# #.#......
#.###.####..###.#.#....
#>...T@......# .......#
#####.####...####.#.#.#
#.#* #.............
#.......#####......
######### ###.... #....
##.#. #.## #...


You could see a troll (corroded).

Vanquished Creatures
  Harold (D:7)
  A two-headed ogre (D:7)
  Pikel (D:6)
  A hippogriff (D:9)
  A shadow (D:10)
  6 yaks (D:9)
  Eustachio (D:6)
  A wraith (D:10)
  Duvessa (D:4)
  An ice beast (D:6)
  3 orc warriors
  2 phantoms
  2 necrophages
  A black bear (D:9)
  2 sky beasts
  5 ogres
  2 centaurs
  A lemure (D:6)
  A big kobold (D:7)
  6 bullfrogs
  Dowan (D:4)
  3 scorpions
  3 troll zombies (D:10)
  3 killer bees
  4 howler monkeys
  2 hounds (D:7)
  2 centaur skeletons
  4 orc priests
  8 orc wizards
  A bullfrog skeleton (D:3)
  2 iguanas
  5 worker ants
  Natasha (D:4)
  A killer bee zombie (D:10)
  3 ogre zombies (D:10)
  A hound skeleton (D:8)
  13 gnolls
  13 adders
  A shadow imp (D:7)
  A white imp (D:7)
  2 ufetubi
  2 oozes
  An adder skeleton (D:4)
  6 worms
  3 leopard geckos
  28 orcs
  A giant cockroach (D:3)
  3 goblins
  3 hobgoblins
  3 jackals (D:5)
  13 kobolds
  5 quokkas
  A ball python (D:2)
  4 bats
  2 goblin zombies (D:10)
  2 hobgoblin zombies (D:10)
  A leopard gecko skeleton (D:7)
  11 orc zombies (D:10)
  7 rats
210 creatures vanquished.

Vanquished Creatures (others)
  An orc wizard (D:3)
1 creature vanquished.

Grand Total: 211 creatures vanquished

Notes
Turn   | Place    | Note
-------+----------+-------------------------------------------
     0 | D:1      | Flugslaktarn the Deep Dwarf Fighter began the quest for the
                  | Orb.
     0 | D:1      | Reached XP level 1. HP: 20/20 MP: 1/1
   106 | D:2      | Reached XP level 2. HP: 27/27 MP: 2/2
   185 | D:3      | Found a blossoming altar of Fedhas.
   268 | D:3      | Reached XP level 3. HP: 30/34 MP: 3/3
   285 | D:3      | Reached skill level 3 in Axes
   310 | D:3      | Reached XP level 4. HP: 32/42 MP: 3/3
   709 | D:4      | Noticed Duvessa
   709 | D:4      | Noticed Dowan
   748 | D:4      | Killed Duvessa
   748 | D:4      | Reached skill level 4 in Axes
   748 | D:4      | Reached XP level 5. HP: 30/50 MP: 2/2
   752 | D:4      | Killed Dowan
   752 | D:4      | Reached XP level 6. HP: 18/57 MP: 3/3
  1131 | D:4      | Noticed Natasha
  1136 | D:4      | Killed Natasha
  1383 | D:5      | Entered Level 5 of the Dungeon
  1424 | D:5      | Found a hazy altar of Hepliaklqana.
  1622 | D:5      | Found a sacrificial altar of Ru.
  1632 | D:5      | Noticed a sky beast
  1673 | D:5      | Killed a sky beast
  1673 | D:5      | Reached skill level 5 in Axes
  1677 | D:5      | Reached XP level 7. HP: 53/66 MP: 4/4
  1731 | D:5      | Noticed a moth of wrath
  1734 | D:5      | Found a bloodstained altar of Trog.
  1941 | D:5      | Reached skill level 5 in Fighting
  2127 | D:6      | Noticed Eustachio
  2378 | D:6      | Reached skill level 5 in Armour
  2378 | D:6      | Reached skill level 5 in Shields
  2423 | D:6      | Killed Eustachio
  2423 | D:6      | Reached skill level 6 in Axes
  2470 | D:6      | Found a sacrificial altar of Ru.
  2510 | D:6      | Reached XP level 8. HP: 36/76 MP: 1/1
  2592 | D:6      | Noticed Pikel
  2604 | D:6      | Killed Pikel
  2604 | D:6      | Reached skill level 7 in Axes
  2740 | D:6      | You fall into a shaft and drop 3 floors!
  2763 | D:7      | Noticed Harold
  2778 | D:7      | Killed Harold
  2778 | D:7      | Reached skill level 8 in Axes
  2778 | D:7      | Gained mutation: You passively map the area around you.
                  | [Deep Dwarf growth]
  2778 | D:7      | Reached XP level 9. HP: 27/86 MP: 1/1
  3103 | D:7      | Noticed a two-headed ogre
  3118 | D:7      | Killed a two-headed ogre
  3123 | D:7      | Reached skill level 9 in Axes
  3210 | D:7      | Found a staircase to the Ecumenical Temple.
  3229 | Temple   | Entered the Ecumenical Temple
  3967 | D:3      | Reached XP level 10. HP: 49/96 MP: 2/2
  4103 | D:3      | Found a shimmering blue altar of Sif Muna.
  4793 | D:2      | Found a hide-covered altar of Uskayaw.
  4885 | D:2      | You fall into a shaft and drop 1 floor!
  5424 | D:8      | Found Zop Kuh's Distillery.
  5563 | D:8      | Found a sparkling altar of Nemelex Xobeh.
  5688 | D:8      | Found an opulent altar of Gozag.
  5750 | D:9      | Found a stormy altar of Qazlal.
  5801 | D:9      | Reached skill level 10 in Axes
  5842 | D:9      | Found a staircase to the Lair.
  5853 | D:9      | Found Geciuset's Assorted Antiques.
  5956 | D:9      | Found a shimmering altar of Xom.
  6091 | D:10     | Entered Level 10 of the Dungeon
  6227 | D:10     | Found a staircase to the Orcish Mines.
  6310 | D:10     | HP: 4/99 [troll zombie (4)]
  6404 | D:10     | HP: 2/99 [orc wizard/magic dart (3)]
  6413 | D:10     | HP: 1/148 [killer bee zombie (2)]
  6612 | D:10     | Slain by a troll

Illustrated notes

Levels and vault maps discovered:
D:1:      lightli_arrival_boilingwater, layout_basic, roderic_lattice_a,
          hangedman_decor_points
D:2:      layout_loops_corners, lemuel_round_altar
D:3:      layout_loops_ring, lemuel_crystal_altar, led_sif_book
D:4:      layout_loops_corners, uniq_natasha, uniq_duvessa
D:5:      layout_rooms, overflow_temple_1_default, tgw_trog,
          overflow_temple_1_default
D:6:      layout_basic, nicolae_ru_sacrificial_ziggurat, uniq_eustachio,
          uniq_pikel
D:7:      layout_loops_cross, minmay_temple_entry_large_hall, nrook_campfire,
          minmay_manual_monolith, uniq_harold
D:8:      layout_cave_pools, lemuel_round_altar, serial_shops, shop,
          nemelex_dance_club_becter
D:9:      layout_roguey, overflow_temple_1_default,
          nicolae_overflow_hidden_temple, lemuel_coloured_pillars_altar,
          lair_entry_dummy, serial_shops, nicolae_shop_statue_plus, basic_altar
D:10:     layout_loops_cross, zombieorc1_lemuel, uniq_grum
Temple:   nicolae_temple_hex_pool

Skill      XL: |  1  2  3  4  5  6  7  8  9 10 |
---------------+-------------------------------+-----
Fighting       | 3 4 5 7 8 9 |  9.4
Axes           | 3 4 5 6 8 9 10 | 10.7
Armour         | 4 5 6 7 8 |  8.3
Shields        | 4 5 6 7 8 |  8.1

Action                   |  1- 3 |  4- 6 |  7- 9 | 10-12 || total
-------------------------+-------+-------+-------+-------++-------
Melee: War axe           |    70 |   135 |   257 |   382 ||   844
 Abil: Heal Wounds       |     2 |     9 |    10 |     6 ||    27
Evoke: Wand              |       |       |       |     3 ||     3
  Use: Potion            |       |     1 |     4 |     9 ||    14
       Scroll            |       |     7 |     2 |       ||     9
 Stab: Invisible         |       |       |       |     3 ||     3
Armor: Scale mail        |    53 |    67 |   133 |   118 ||   371
       Skin              |       |       |     2 |       ||     2
       Plate armour      |       |       |       |    51 ||    51
Dodge: Dodged            |    18 |    37 |   111 |    90 ||   256
Block: Kite shield       |    43 |    77 |   219 |   249 ||   588

Table legend: (Time is in decaauts)
 A = Elapsed time spent in this place.
 B = Non-inter-level travel time spent in this place.
 C = Inter-level travel time spent in this place.
 D = Time resting spent in this place.
 E = Time spent auto-exploring this place.
 F = Levels seen in this place.
 G = Mean time per level.
                   A        B        C        D        E       F      G
               +--------+--------+--------+--------+--------+-----+--------+
         Total |   6793 |   6384 |    409 |    296 |   4290 |  11 |  617.5 |
       Dungeon |   6711 |   6307 |    404 |    296 |   4214 |  10 |  671.1 |
        Temple |     82 |     77 |      5 |      0 |     76 |   1 |   82.0 |
               +--------+--------+--------+--------+--------+-----+--------+

Top non-repeatable levels by time:
     D:4: 1011 daAuts
     D:5: 986 daAuts
     D:2: 847 daAuts
     D:6: 795 daAuts
     D:3: 776 daAuts
     D:7: 752 daAuts
    D:10: 540 daAuts
     D:8: 524 daAuts
     D:9: 371 daAuts
     D:1: 104 daAuts
  Temple: 82 daAuts
